 Dungeon Crawl Stone Soup version 0.31-a0-1134-gb247575 (webtiles) character file.

Game seed: 1606443125996877174

101453 wqsa789 the Wrestler (level 15, -9/132 HPs)
             Began as an Armataur Fighter on Dec 5, 2023.
             Was an Initiate of Gozag.
             Mangled by a +1 scimitar of flaming (18 damage)
             ... on level 1 of the Elven Halls.
             The game lasted 01:02:25 (29605 turns).

wqsa789 the Wrestler (Armataur Fighter)            Turns: 29605, Time: 01:02:25

Health: -9/132     AC: 10    Str: 28    XL:     15   Next: 83%
Magic:  15/15      EV:  8    Int: 14    God:    Gozag
Gold:   91         SH: 10    Dex: 10    Spells: 14/14 levels left

rFire   + .          .
                       - Unarmed
rCold   + + +        b - +1 kite shield {rC+}
rNeg    . . .        E - +1 leather armour "Ode Gis" {rC+ Int+5}
rPois   .            (no helmet)
rElec   .            z - +1 cloak
rCorr   .            G - +0 pair of gloves of Lucidity {rC++}
SInv    .            (no barding)
Will    ++...        J - amulet of regeneration
Stlth   +            o - ring of protection from fire
HPRegen 1.22/turn    l - ring of willpower
MPRegen 0.14/turn

%: roll
@: no status effects
A: large, deformed body, tough skin 3, armoured tail, roll 2, long tongue
a: Renounce Religion, Potion Petition, Call Merchant, Bribe Branch


You were on level 1 of the Elven Halls.
You worshipped Gozag.
Gozag was noncommittal.
You visited 5 branches of the dungeon, and saw 24 of its levels.
You visited the Abyss 1 time.
You also visited: Gauntlet and Ice Cave.

You collected 9462 gold pieces.
You spent 2700 gold pieces at shops.
You paid 6671 gold pieces to Gozag.

Inventory:

Hand Weapons
 t - the +8 trident of the Octopus King {venom, rElec rPois}
   (You found it on level 8 of the Dungeon)

   rElec:     It insulates you from electricity.
   rPois:     It protects you from poison
Missiles
 v - 6 throwing nets
 y - 52 poisoned darts
Armour
 b - a +1 kite shield of cold resistance (worn)
 z - a +1 cloak (worn)
 D - a +2 tower shield of cold resistance
 E - the +1 leather armour "Ode Gis" (worn) {rC+ Int+5}
   (You found it in a Gauntlet)

   Int+5:     It affects your intelligence (+5).
   rC+:       It protects you from cold.
 G - the +0 pair of gloves of Lucidity (worn) {rC++}
   (You found it on level 7 of the Dungeon)

   rC++:      It greatly protects you from cold.
Jewellery
 e - a ring of flight
 j - a ring of poison resistance
 l - a ring of willpower (right hand)
 o - a ring of protection from fire (left hand)
 q - the ring "Tuwka" {Drain rC+ rN+++ Int+3}
   (You acquired it on level 2 of the Orcish Mines)

   [ring of protection from cold]

   Int+3:     It affects your intelligence (+3).
   rC+:       It protects you from cold.
   rN+++:     It renders you almost immune to negative energy.
   Drain:     It drains your maximum health when unequipped.
 J - an amulet of regeneration (around neck)
Wands
 f - a wand of polymorph (5)
 n - a wand of mindburst (5)
 B - a wand of iceblast (9)
 F - a wand of flame (10)
 P - a wand of light (1)
Scrolls
 a - 6 scrolls of teleportation (quivered)
 c - 2 scrolls of enchant weapon
 d - 4 scrolls of amnesia
 g - 2 scrolls of noise
 h - 3 scrolls of immolation
 k - 2 scrolls of blinking
 m - 4 scrolls of fog
 p - 4 scrolls of vulnerability
 r - 2 scrolls of torment
 K - 12 scrolls of identify
 N - a scroll of poison
Potions
 s - 3 potions of attraction
 u - 3 potions of resistance
 w - 7 potions of mutation
 x - a potion of enlightenment
 A - 2 potions of brilliance
 H - 2 potions of ambrosia {unknown}
 I - 2 potions of magic
 L - 2 potions of might
 M - a potion of lignification
 O - 2 potions of curing
Miscellaneous
 C - a phial of floods


   Skills:
 - Level 12.1 Fighting
 + Level 8.4 Armour
 + Level 7.6 Shields
 - Level 21.8 Unarmed Combat


You had 14 spell levels left.
You didn't know any spells.
Your spell library contained the following spells:

 Spells                   Type           Power      Damage    Failure   Level
 Kiss of Death            Conj/Necr      0%         2d5       50%         1
 Shock                    Conj/Air       0%         1d3       50%         1
 Slow                     Hex            0%         N/A       50%         1
 Summon Small Mammal      Summ           0%         N/A       50%         1
 Call Canine Familiar     Summ           0%         N/A       86%         3
 Confusing Touch          Hex            0%         N/A       86%         3
 Dazzling Flash           Conj/Hex       0%         N/A       86%         3
 Ignite Poison            Fire/Tmut/Pois 0%         N/A       86%         3
 Ozocubu's Armour         Ice            0%         N/A       86%         3
 Sigil of Binding         Hex            0%         N/A       86%         3
 Summon Guardian Golem    Hex/Summ       0%         N/A       86%         3
 Swiftness                Air            0%         N/A       86%         3
 Vampiric Draining        Necr           0%         2d6       86%         3
 Airstrike                Air            0%         2d(0-16)  99%         4
 Dispel Undead            Necr           0%         3d6       99%         4
 Passage of Golubria      Tloc           0%         N/A       99%         4
 Sticky Flame             Conj/Fire      0%         2d3       99%         4
 Vhi's Electric Charge    Tloc/Air       0%         N/A       99%         4
 Agony                    Necr           0%         N/A       100%        5
 Arcjolt                  Conj/Air       0%         1d10      100%        5
 Metabolic Englaciation   Hex/Ice        0%         N/A       100%        5
 Silence                  Hex/Air        0%         N/A       100%        5
 Plasma Beam              Fire/Air       0%         2x1d10    100%        6
 Ozocubu's Refrigeration  Ice            0%         4d7       100%        7
 Ignition                 Fire           0%         3d3       100%        8
 Lehudib's Crystal Spear  Conj/Erth      0%         10d2      100%        8
 Maxwell's Capacitive Co  Air            0%         ∞         100%        8
 Simulacrum               Ice/Necr       Unusable   N/A       N/A         6

Dungeon Overview and Level Annotations

Branches:
Dungeon (15/15)            Temple (1/1) D:7            Lair (5/5) D:9
 Shoals (0/4) Lair:2       Spider (0/4) Lair:3        Slime (0/5) Lair:4
    Orc (2/2) D:11            Elf (1/3) Orc:2        Vaults (0/5) D:13
  IceCv (visited)         Gauntlet (visited)
 Depths: D:15

Altars:
Ashenzari
Cheibriados
Dithmenos
Elyvilon
Fedhas
Gozag
Hepliaklqana
Kikubaaqudgha
Makhleb
Nemelex Xobeh
Okawaru
Qazlal
Ru
Sif Muna
Trog
Uskayaw
Vehumet
Wu Jian
Xom
Yredelemnul
Zin
The Shining One
Jiyva

Shops:
D:1 :   D:7 !   D:9 *   D:10 ?   D:13 [   D:14 ?   Orc:1 ?   Orc:2 [?(=
Lair:4 *

Annotations:
D:7 2 transporters, tenshi1004's ghost, novice FeCK
D:9 3 runed translucent doors, dhlexpress's ghost, novice SpEn
D:12 3 runed translucent doors, rotlqkf's ghost, journeyman DECj


Innate Abilities, Weirdness & Mutations

Armour fits poorly on your strangely shaped body.
You have extremely tough skin. (AC +3)
You have a long armoured tail.
You roll and regenerate health when moving toward enemies. (Rampage Heal)
Your long tongue fully drains potion bottles. (2x potion effects)


Message History

The +1 scimitar of flaming burns you.
The deep elf zephyrmancer casts a spell.
The deep elf zephyrmancer blinks!
A deep elf zephyrmancer comes into view.
It is wielding a +0 short sword.
The deep elf zephyrmancer shouts!
You hear a shout!
The deep elf zephyrmancer points at you and mumbles some strange words.
The bolt of lightning misses you.
The bolt of lightning hits the +1 scimitar of flaming.
The +1 scimitar of flaming completely resists.
You hear a shout!
As you read the scroll of fear, it crumbles to dust.
You assume a fearsome visage.
The deep elf zephyrmancer looks frightened!
The +1 scimitar of flaming is unaffected.
The deep elf knight resists with almost no effort.
The deep elf zephyrmancer looks frightened!
The +1 hand axe of electrocution is unaffected.
The +1 scimitar of flaming hits you!!
* * * LOW HITPOINT WARNING * * *
The +1 scimitar of flaming burns you.
* * * LOW HITPOINT WARNING * * *
The +1 scimitar of flaming hits you!
* * * LOW HITPOINT WARNING * * *
The +1 scimitar of flaming burns you.
* * * LOW HITPOINT WARNING * * *
The deep elf zephyrmancer mumbles some strange words.
The deep elf zephyrmancer blinks!
The deep elf zephyrmancer cries, "Oh dear!
Oh dear!"
The deep elf zephyrmancer casts a spell.
The deep elf zephyrmancer blinks!
You feel better.
You slurp down every last drop of the potion of curing!
The +1 scimitar of flaming hits you!
* * * LOW HITPOINT WARNING * * *
The +1 scimitar of flaming burns you.
* * * LOW HITPOINT WARNING * * *
The +1 scimitar of flaming hits you!!
You die...
Your body crumbles into a pile of gold.

#. #####
..####...# ##
...#...# #
.##.. #.#...#
.. .$..
#.<..## .#
#... #.....#.#
#..# ##.##...#
#.e###...#..##
#.@(e.(..e##
#####..§..#)#
#. #.....##.#
# ##...## #$#
#..## e# ...#
.# .##.# § ##
... ##


You could see a deep elf knight, a deep elf pyromancer, a deep elf zephyrmancer
(fleeing) and 2 dancing weapons.

Vanquished Creatures
  Jorgrun (Orc:1)
  A reaper (IceCv)
  A minotaur (Gauntlet)
  Snorg (D:11)
  Fannar (Lair:3)
  4 vault guards (D:13)
  Harold (D:10)
  An ogre mage (D:12)
  2 catoblepae
  An alligator (Lair:3)
  7 hydras
  7 two-headed ogres
  10 death yaks (Lair:5)
  A tengu warrior (D:14)
  5 orc high priests
  A skyshark (Lair:5)
  2 skeletal warriors (D:12)
  An orb spider (Lair:3)
  2 deep elf pyromancers
  13 ugly things
  A deep elf zephyrmancer (Elf:1)
  2 orc sorcerers (Orc:2)
  6 cyclopes
  2 manticores (Lair:2)
  22 elephants
  Joseph (D:9)
  8 black mambas
  Maggie (D:9)
  9 cane toads
  An unseen horror (D:11)
  An ice statue (IceCv)
  A gargoyle (D:11)
  Jeremiah (D:9)
  6 rime drakes
  An efreet (D:14)
  8 komodo dragons
  An ice devil (IceCv)
  A tengu conjurer (D:13)
  3 anaconda simulacra (IceCv)
  6 polar bears (Lair:5)
  A polar bear (shapeshifter) (D:14)
  3 meliai (D:14)
  6 trolls
  5 blink frogs (Lair:3)
  6 hornets
  A dream sheep (Lair:5)
  2 slime creatures (Gauntlet)
  9 spriggans (Lair:5)
  2 shadows
  5 wyverns
  A vampire (D:10)
  2 wraiths
  48 yaks
  7 basilisks
  Grum (D:9)
  3 steam dragons
  2 humans (D:11)
  3 death yak simulacra (IceCv)
  7 vampire mosquitoes
  Edmund (D:4)
  2 wargs
  3 harpy simulacra (IceCv)
  4 acid dragons
  2 hydra simulacra (IceCv)
  13 water moccasins
  3 ice beasts
  2 black bears
  18 orc warriors
  25 wolves
  5 ogres
  5 boggarts (Lair:5)
  3 centaurs
  2 phantoms
  2 kobold brigands (D:8)
  11 bullfrogs
  A gnoll sergeant (D:7)
  5 two-headed ogre simulacra (IceCv)
  A cane toad simulacrum (IceCv)
  5 scorpions
  16 wights
  12 killer bees
  An elephant simulacrum (IceCv)
  4 jellies
  33 orc priests
  2 gnoll boudas
  A hound (D:4)
  An iron imp (D:6)
  2 iguanas
  Terence (D:3)
  Jessica (D:3)
  Natasha (thrice) (D:3)
  A sleepcap (D:6)
  19 orc wizards
  2 polar bear simulacra (IceCv)
  9 spriggan simulacra (IceCv)
  A wolf simulacrum (IceCv)
  5 troll simulacra (IceCv)
  22 gnolls
  14 adders
  6 naga simulacra (IceCv)
  A shadow imp (D:5)
  7 white imps
  7 ufetubi
  A worm (D:2)
  3 dart slugs
  61 orcs
  9 ball pythons
  11 bats
  9 endoplasms
  7 giant cockroaches
  10 hobgoblins
  2 quokkas
  3 frilled lizards
  5 goblins
  13 kobolds
  8 rats
685 creatures vanquished.

Vanquished Creatures (others)
  Erolcha (D:10)
1 creature vanquished.

Grand Total: 686 creatures vanquished

Notes
Turn   | Place    | Note
-------+----------+-------------------------------------------
     0 | D:1      | wqsa789 the Armataur Fighter began the quest for the Orb.
     0 | D:1      | Reached XP level 1. HP: 18/18 MP: 1/1
    78 | D:1      | Reached skill level 2 in Unarmed Combat
   113 | D:1      | Reached XP level 2. HP: 22/25 MP: 2/2
   350 | D:1      | Found Idiugu's Book Emporium.
   358 | D:1      | Reached skill level 3 in Unarmed Combat
   458 | D:1      | Reached XP level 3. HP: 29/30 MP: 3/3
  1250 | D:2      | Reached XP level 4. HP: 33/37 MP: 4/4
  1313 | D:2      | Reached skill level 4 in Unarmed Combat
  1723 | D:2      | Reached XP level 5. HP: 40/42 MP: 5/5
  1774 | D:2      | Reached skill level 5 in Unarmed Combat
  1830 | D:2      | Found a faded altar of an unknown god.
  1896 | D:3      | Noticed Jessica
  2056 | D:3      | Noticed Natasha
  2139 | D:3      | Killed Natasha
  2395 | D:3      | Killed Jessica
  2528 | D:3      | Reached XP level 6. HP: 50/50 MP: 6/6
  2604 | D:3      | Noticed Natasha
  2618 | D:3      | Killed Natasha
  2619 | D:3      | Reached skill level 6 in Unarmed Combat
  2687 | D:3      | Noticed Natasha
  2693 | D:3      | Killed Natasha
  2826 | D:3      | Found a hazy altar of Hepliaklqana.
  2827 | D:3      | Noticed Terence
  2827 | D:3      | Noticed an ice beast
  2876 | D:2      | Killed an ice beast
  2883 | D:3      | Killed Terence
  3209 | D:4      | Reached skill level 7 in Unarmed Combat
  3209 | D:4      | Gained mutation: You roll and regenerate health when moving
                  | toward enemies. (Rampage Heal) [Armataur growth]
  3209 | D:4      | Reached XP level 7. HP: 16/56 MP: 7/7
  3419 | D:4      | Noticed Edmund
  3446 | D:4      | Killed Edmund
  3674 | D:4      | Reached skill level 8 in Unarmed Combat
  4052 | D:4      | Found an ancient bone altar of Kikubaaqudgha.
  4321 | D:5      | Entered Level 5 of the Dungeon
  4510 | D:5      | Reached XP level 8. HP: 61/62 MP: 8/8
  4680 | D:5      | Reached skill level 9 in Unarmed Combat
  5268 | D:6      | Found a snail-covered altar of Cheibriados.
  5643 | D:6      | Found a shadowy altar of Dithmenos.
  5750 | D:6      | Reached skill level 10 in Unarmed Combat
  5812 | D:6      | Found a shimmering blue altar of Sif Muna.
  6001 | D:7      | Noticed tenshi1004's ghost (novice FeCK)
  6014 | D:7      | Found a staircase to the Ecumenical Temple.
  6020 | D:7      | Found a transporter.
  6034 | D:7      | Found a transporter.
  6051 | Temple   | Entered the Ecumenical Temple
  6074 | Temple   | Became a worshipper of Gozag Ym Sagoz the Greedy
  6383 | D:7      | Noticed a hornet
  6393 | D:7      | Killed a hornet
  6394 | D:7      | Reached XP level 9. HP: 48/68 MP: 9/9
  6456 | D:7      | Reached skill level 11 in Unarmed Combat
  6598 | D:7      | Identified the +0 pair of gloves of Lucidity {rC++}
  6893 | D:7      | Reached skill level 12 in Unarmed Combat
  7029 | D:7      | Identified a scroll of acquirement
  7029 | D:7      | Acquired 1016 gold pieces
  7389 | D:7      | Bought a potion of experience for 850 gold pieces
  7389 | D:7      | Reached XP level 10. HP: 97/97 MP: 10/10
  7389 | D:7      | Reached XP level 11. HP: 104/104 MP: 11/11
  7722 | D:8      | Found a shimmering altar of Xom.
  7884 | D:8      | Found the +8 trident of the Octopus King {venom, rElec
                  | rPois}
  7975 | D:9      | Noticed Jeremiah
  7979 | D:9      | Reached skill level 13 in Unarmed Combat
  7984 | D:9      | Killed Jeremiah
  8068 | D:9      | Noticed Grum
  8181 | D:9      | Noticed Maggie
  8189 | D:9      | Killed Maggie
  8451 | D:9      | Killed Grum
  8503 | D:9      | Reached XP level 12. HP: 85/112 MP: 12/12
  8738 | D:9      | Found Lagiov's Assorted Antiques.
  8741 | D:9      | Bought a potion of curing for 69 gold pieces
  9053 | D:9      | Noticed Joseph
  9089 | D:9      | Killed Joseph
  9129 | D:9      | Reached skill level 14 in Unarmed Combat
  9171 | D:9      | Found a staircase to the Lair.
  9706 | D:9      | Found a runed translucent gate.
  9706 | D:9      | Found a runed translucent gate.
  9707 | D:9      | Found a runed translucent gate.
  9707 | D:9      | Noticed dhlexpress's ghost (novice SpEn)
  9942 | D:10     | Entered Level 10 of the Dungeon
  9942 | D:10     | Noticed Harold
 10070 | D:10     | Killed Harold
 10286 | D:10     | Acquired 820 gold pieces
 10328 | D:10     | Noticed Erolcha
 10351 | Abyss:2  | Cast into level 2 of the Abyss (Erolcha)
 10406 | Abyss:2  | Noticed a starcursed mass
 10428 | D:10     | Escaped the Abyss
 10434 | D:10     | Killed Erolcha
 10869 | D:10     | Reached skill level 15 in Unarmed Combat
 11392 | D:10     | Bought a scroll of teleportation for 42 gold pieces
 11392 | D:10     | Bought a scroll of identify for 28 gold pieces
 11392 | D:10     | Bought a scroll of teleportation for 42 gold pieces
 11392 | D:10     | Bought a scroll of fear for 56 gold pieces
 11392 | D:10     | Bought a scroll of poison for 56 gold pieces
 11392 | D:10     | Bought a scroll of blinking for 105 gold pieces
 11392 | D:10     | Bought a scroll of identify for 28 gold pieces
 11392 | D:10     | Bought a scroll of enchant armour for 105 gold pieces
 11905 | D:11     | Found a staircase to the Orcish Mines.
 12008 | D:11     | Found an iron altar of Okawaru.
 12008 | D:11     | Noticed Snorg
 12023 | D:11     | Killed Snorg
 12654 | D:11     | Reached skill level 16 in Unarmed Combat
 12852 | Orc:1    | Entered Level 1 of the Orcish Mines
 12909 | Orc:1    | Found Sentec's Magic Scroll Emporium.
 13704 | Orc:1    | Bought a scroll of poison for 68 gold pieces
 13704 | Orc:1    | Bought a scroll of blinking for 127 gold pieces
 13704 | Orc:1    | Bought a scroll of blinking for 127 gold pieces
 13704 | Orc:1    | Bought a scroll of poison for 68 gold pieces
 13704 | Orc:1    | Bought a scroll of revelation for 127 gold pieces
 13762 | Orc:1    | Noticed Jorgrun
 13784 | Orc:1    | Killed Jorgrun
 13785 | Orc:1    | Reached XP level 13. HP: 28/118 MP: 13/13
 14160 | Orc:2    | Entered Level 2 of the Orcish Mines
 14299 | Orc:2    | Found a staircase to the Elven Halls.
 16142 | Orc:2    | Reached skill level 17 in Unarmed Combat
 16142 | Orc:2    | Paralysed by an orc sorcerer for 5 turns
 16359 | Orc:2    | Found Vib Koje's Weapon Shop.
 16359 | Orc:2    | Found Xaofal's Antique Armour Boutique.
 16360 | Orc:2    | Found Zataps's Magic Scroll Boutique.
 16363 | Orc:2    | Found Roeneess's Jewellery Shop.
 16854 | Orc:2    | Bought a scroll of acquirement for 676 gold pieces
 16854 | Orc:2    | Acquired the ring "Tuwka" {Drain rC+ rN+++ Int+3}
 16978 | Lair:1   | Entered Level 1 of the Lair of Beasts
 18200 | Lair:2   | Found a staircase to the Shoals.
 18402 | Lair:2   | Reached skill level 18 in Unarmed Combat
 19398 | Lair:3   | Found a hole to the Spider Nest.
 19642 | Lair:3   | Noticed Fannar
 19674 | Lair:3   | Killed Fannar
 20040 | Lair:3   | Identified the +0 orcbow of Ciros {heavy, Drain rF+++ rC+
                  | Dex+3}
 20163 | Lair:3   | Reached XP level 14. HP: 117/126 MP: 14/14
 20185 | Lair:3   | Reached skill level 19 in Unarmed Combat
 21300 | Lair:4   | Found a viscous altar of Jiyva.
 21300 | Lair:4   | Found a staircase to the Slime Pits.
 21445 | Lair:5   | Entered Level 5 of the Lair of Beasts
 21610 | Lair:5   | Found a gate leading to a gauntlet.
 21619 | Gauntlet | Entered a Gauntlet
 21619 | Gauntlet | Found a transporter.
 21619 | Gauntlet | Found a transporter.
 21637 | Gauntlet | Found a transporter.
 21641 | Gauntlet | Found a transporter.
 21649 | Gauntlet | Found a transporter.
 21653 | Gauntlet | Found a transporter.
 21661 | Gauntlet | Found a transporter.
 21678 | Gauntlet | Found a transporter.
 21693 | Gauntlet | Found a transporter.
 21697 | Gauntlet | Found a transporter.
 21699 | Gauntlet | Found a runed translucent gate.
 21699 | Gauntlet | Found a runed translucent gate.
 21699 | Gauntlet | Found a runed translucent gate.
 21705 | Gauntlet | Found a transporter.
 21709 | Gauntlet | Found a transporter.
 21766 | Gauntlet | Identified the +1 leather armour "Ode Gis" {rC+ Int+5}
 21864 | Gauntlet | Identified the ring of Otob {rN+ Str+3 Dex+6}
 21909 | Gauntlet | Reached skill level 20 in Unarmed Combat
 21924 | Gauntlet | Identified the +5 dagger "Utifyssi" {venom, rC+}
 22267 | Lair:5   | Paralysed by a hornet for 3 turns
 23301 | Lair:5   | Reached skill level 21 in Unarmed Combat
 23524 | Lair:5   | Reached XP level 15. HP: 101/132 MP: 15/15
 24639 | D:12     | Found a runed translucent gate.
 24650 | D:12     | Found a runed translucent gate.
 24651 | D:12     | Found a runed translucent gate.
 24652 | D:12     | Noticed rotlqkf's ghost (journeyman DECj)
 24850 | D:12     | Identified the +2 scale mail of Oniel Limaobb {Drain Dex+5}
 24886 | D:12     | HP: 1/132 [two-headed ogre/+0 giant club (13)]
 25058 | D:12     | Found an ornate altar of the Wu Jian Council.
 25166 | D:12     | HP: 4/132 [two-headed ogre/+0 giant club (23)]
 26356 | D:13     | Found a frozen archway.
 26385 | IceCv    | Entered an ice cave
 26484 | IceCv    | Reached skill level 5 in Armour
 27004 | IceCv    | Reached skill level 5 in Shields
 27418 | D:13     | Found a gate to the Vaults.
 28898 | D:14     | Found a sacrificial altar of Ru.
 29299 | D:15     | Entered Level 15 of the Dungeon
 29460 | D:14     | Bought a scroll of teleportation for 42 gold pieces
 29460 | D:14     | Bought a scroll of teleportation for 42 gold pieces
 29460 | D:14     | Bought a scroll of teleportation for 42 gold pieces
 29589 | Elf:1    | Entered Level 1 of the Elven Halls
 29605 | Elf:1    | Mangled by a +1 scimitar of flaming

Illustrated notes

Levels and vault maps discovered:
D:1:      lemuel_arrival_muddy, layout_loops_ring, serial_shops,
          nicolae_shop_tiny_statue_garden
D:2:      layout_basic, shapermc_ecumenical_altar_acropolis,
          minmay_snake_closets
D:3:      layout_rooms, mainiacjoe_overflow_concentric_impassable,
          dk_noncrumbling_2, uniq_terence, uniq_natasha, uniq_jessica
D:4:      layout_cave_pools, lemuel_tele_altar, portal_sewer_entry_d,
          nicolae_titane, uniq_edmund
D:5:      layout_loops_ring
D:6:      layout_gridville, nicolae_sif_muna_condensation,
          nicolae_dithmenos_the_darkroom, slow_altar_2
D:7:      layout_loops_cross, minmay_temple_entry_metal_lava,
          gammafunk_ghost_arena, dk_vineyard_2
D:8:      layout_cave_pools, overflow_temple_1_default
D:9:      layout_roguey, minmay_lair_entry_grove, serial_shops,
          nicolae_shop_tiny_real_fake_doors, gammafunk_ghost_nasty_kobolds,
          uniq_joseph, uniq_maggie, uniq_jeremiah, uniq_grum
D:10:     layout_rooms, hex_tiny, minmay_parallelograms, uniq_erolcha,
          uniq_harold
D:11:     layout_loops_ring, david_orc_3, grunt_ministairs_15, okawaru_humans,
          uniq_snorg
D:12:     layout_cave_pools, serial_co_window_serial, co_window_corner_a,
          co_window_corner_a, co_window_paths_a, co_window_paths_a,
          co_window_of_opportunity_a, co_window_corner_a, co_window_cross_3,
          co_window_cross_3, co_window_broadway_b, co_window_broadway_b,
          gammafunk_ghost_necromancy, nzn_wu_jian_council_hall
D:13:     layout_gridville, lightli_vaults_fourway_checkpoint,
          portal_ice_cave_entry_pillars_1, drop_trap
D:14:     layout_loops_cross, hangedman_ru_absence
D:15:     hangedman_depths_entry_civil_slaughter, layout_stronghold,
          minmay_misc_feat_iff
Temple:   nicolae_temple_elliptical
Lair:1:   layout_chaotic_city
Lair:2:   layout_roguey, minmay_shoals_entry_beasts, serial_forest,
          infiniplex_forest_clump_long, infiniplex_forest_clump_diagonal,
          infiniplex_forest_corner_2, infiniplex_forest_clump_diagonal,
          infiniplex_forest_straight_4, infiniplex_forest_straight_5,
          infiniplex_forest_join
Lair:3:   nzn_winding_woodlands_cross
          [nzn_winding_woodlands_5x15_river_crossing,
          nzn_winding_woodlands_5x15_default,
          nzn_winding_woodlands_5x15_split_checker,
          nzn_winding_woodlands_5x15_concentric,
          nzn_winding_woodlands_15x15_thick_spiral], layout_hall_layers,
          nicolae_spider_entry_orb_guardian, uniq_fannar
Lair:4:   layout_regular_city, dpeg_slime_entry_corner, st_stairs_10
Lair:5:   minmay_lair_end_enchanted_forest, layout_cave_pods,
          gauntlet_entry_generic, nicolae_lair_yak_garden, serial_bayou_shore_b
Orc:1:    layout_diamond_mine, serial_shops, shop, uniq_jorgrun
Orc:2:    st_orc_mages, layout_diamond_mine
Elf:1:    layout_loops_ring, nicolae_elf_crossing_hall,
          minmay_misc_feat_diagonals, lemuel_upstairs_altar, minmay_shop_grove

Skill      XL: |  1  2  3  4  5  6  7  8  9 10 11 12 13 14 15 |
---------------+----------------------------------------------+-----
Unarmed Combat | 2 3 4 5 7 8 10 12 13 16 18 21 | 21.8
Fighting       | 12 | 12.1
Armour         | 8 |  8.4
Shields        | 7 |  7.6

Action                     |  1- 3 |  4- 6 |  7- 9 | 10-12 | 13-15 || total
---------------------------+-------+-------+-------+-------+-------++-------
  Melee: Unarmed           |   127 |   176 |   345 |   165 |  1348 ||  2161
         Tailslap          |    16 |    10 |    42 |    53 |   242 ||   363
         Trident           |       |       |       |   270 |    24 ||   294
  Throw: Throwing net      |       |       |       |     4 |     1 ||     5
 Invoke: Call Merchant     |       |       |     1 |     1 |     3 ||     5
         Potion Petition   |       |       |       |     2 |     3 ||     5
  Evoke: Wand              |       |       |     3 |     1 |     4 ||     8
    Use: Potion            |       |     5 |     4 |    18 |     7 ||    34
         Scroll            |       |     2 |     8 |    14 |    33 ||    57
   Stab: Distracted        |       |       |     1 |     5 |     6 ||    12
         Invisible         |       |       |       |     2 |     3 ||     5
         Held in net/web   |       |       |       |       |     1 ||     1
         Petrified         |       |       |       |       |     1 ||     1
         Sleeping          |       |       |       |       |     1 ||     1
 Armour: Leather armour    |    60 |   148 |   215 |    59 |   502 ||   984
         Scale mail        |     2 |       |       |       |       ||     2
         Steam dragon scal |       |       |       |   358 |   502 ||   860
         Skin              |       |       |       |    23 |       ||    23
  Dodge: Dodged            |    36 |    67 |    78 |   202 |   308 ||   691
  Block: Buckler           |    18 |    36 |    56 |   104 |   176 ||   390
         Kite shield       |       |       |       |       |    67 ||    67

Table legend: (Time is in decaauts)
 A = Elapsed time spent in this place.
 B = Non-inter-level travel time spent in this place.
 C = Inter-level travel time spent in this place.
 D = Time resting spent in this place.
 E = Time spent auto-exploring this place.
 F = Levels seen in this place.
 G = Mean time per level.
                   A        B        C        D        E       F      G
               +--------+--------+--------+--------+--------+-----+--------+
         Total |  29159 |  27479 |   1680 |   6640 |  15536 |  27 | 1080.0 |
       Dungeon |  17623 |  16557 |   1066 |   3723 |  10011 |  15 | 1174.9 |
        Temple |     46 |      2 |     44 |      0 |      0 |   1 |   46.0 |
          Lair |   6834 |   6480 |    354 |   1251 |   3926 |   5 | 1366.8 |
  Orcish Mines |   3457 |   3243 |    214 |   1539 |    997 |   2 | 1728.5 |
   Elven Halls |     14 |     14 |      0 |      0 |      2 |   1 |   14.0 |
         Abyss |     76 |     76 |      0 |     48 |      0 |   1 |   76.0 |
      Ice Cave |    815 |    815 |      0 |     79 |    448 |   1 |  815.0 |
      Gauntlet |    289 |    289 |      0 |      0 |    151 |   1 |  289.0 |
               +--------+--------+--------+--------+--------+-----+--------+

Top non-repeatable levels by time:
    D:11: 2661 daAuts
     D:9: 2326 daAuts
  Lair:5: 2169 daAuts
   Orc:1: 1778 daAuts
   Orc:2: 1679 daAuts
     D:7: 1429 daAuts
  Lair:2: 1334 daAuts
     D:3: 1316 daAuts
    D:13: 1310 daAuts
  Lair:3: 1291 daAuts
    D:10: 1219 daAuts
  Lair:4: 1183 daAuts
    D:12: 1166 daAuts
     D:1: 1021 daAuts
    D:14: 1014 daAuts
